 Dungeon Crawl Stone Soup version 0.28.0-43-g3370ac3207 (webtiles) character file.

Game seed: 6074949081121027632

4063 safid the Severer (level 10, -8/81 HPs)
             Began as a Hill Orc Fighter on Mar 6, 2022.
             Was an Initiate of Beogh.
             Killed from afar by an electric eel (16 damage)
             ... with a bolt of electricity
             ... on level 8 of the Dungeon.
             The game lasted 00:15:02 (8809 turns).

safid the Severer (Hill Orc Fighter)                Turns: 8809, Time: 00:15:03

Health: -8/81      AC: 15    Str: 24    XL:     10   Next: 25%
Magic:  12/12      EV:  8    Int:  8    God:    Beogh [......]
Gold:   160        SH:  0    Dex: 10    Spells: 9/9 levels left

rFire   + . .      SeeInvis .   y - +3 battleaxe
rCold   . . .      Faith    .   (shield currently unavailable)
rNeg    . . .      Spirit   .   m - +2 chain mail of Makhleb's Benevolence {rF+}
rPois   +          Reflect  .   q - +0 helmet
rElec   .          Harm     .   (no cloak)
rCorr   .          Rampage  .   C - +2 pair of gloves
Will    .....                   (no boots)
Stlth   ..........              (no amulet)
HPRegen 0.23/turn               v - ring of poison resistance
MPRegen 0.13/turn               F - ring of flight

@: flying
A: no striking features
a: Renounce Religion


You were on level 8 of the Dungeon.
You worshipped Beogh.
Beogh was noncommittal.
You visited 1 branch of the dungeon, and saw 8 of its levels.

You collected 412 gold pieces.
You spent 252 gold pieces at shops.

Inventory:

Hand Weapons
 a - a +0 war axe
 y - a +3 battleaxe (weapon)
Missiles
 n - 10 poisoned darts (quivered)
Armour
 m - the +2 chain mail of Makhleb's Benevolence (worn) {rF+}
   (You found it on level 2 of the Dungeon)

   rF:        It protects you from fire.
 q - a +0 helmet (worn)
 B - a +0 kite shield
 C - a +2 pair of gloves (worn)
Jewellery
 v - a ring of poison resistance (left hand)
 F - a ring of flight (right hand)
Wands
 o - a wand of digging (6)
Scrolls
 c - a scroll of fear
 d - a scroll of magic mapping {unknown}
 g - a scroll of enchant armour {unknown}
 i - 3 scrolls of torment
 j - a scroll of noise {unknown}
 k - a scroll of fog {unknown}
 l - 2 scrolls of summoning
 p - 3 scrolls of enchant weapon
 r - 4 scrolls of teleportation
 s - a scroll of blinking {unknown}
 t - a scroll of vulnerability {unknown}
 u - a scroll of amnesia {unknown}
 A - 2 scrolls of holy word
 E - a scroll of identify
Potions
 b - 3 potions of heal wounds
 e - 2 potions of brilliance
 f - a potion of cancellation {unknown}
 h - 2 potions of curing
 w - 2 potions of might
 x - 2 potions of resistance
 z - a potion of attraction {unknown}
 D - a potion of flight {unknown}


   Skills:
 + Level 5.5 Fighting
 + Level 16.3 Axes
 - Level 4.0 Armour
 - Level 2.0 Dodging
 - Level 4.0 Shields
 + Level 3.9 Invocations
 + Level 2.9 Evocations


You had 9 spell levels left.
You didn't know any spells.
Your spell library contained the following spells:

 Spells                   Type           Power      Damage    Failure   Level
 Blink                    Tloc           0%         N/A       99%         2
 Corpse Rot               Necr/Air       0%         N/A       99%         2
 Ensorcelled Hibernation  Hex/Ice        0%         N/A       99%         2
 Poisonous Vapours        Pois/Air       0%         N/A       99%         2
 Conjure Flame            Conj/Fire      0%         6-21      100%        3
 Ignite Poison            Fire/Tmut/Pois 0%         N/A       100%        3
 Spider Form              Tmut/Pois      0%         N/A       100%        3
 Anguish                  Hex/Necr       0%         N/A       100%        4
 Sticky Flame             Conj/Fire      0%         2d3       100%        4
 Manifold Assault         Tloc           0%         N/A       100%        5
 Storm Form               Tmut/Air       0%         N/A       100%        7


Dungeon Overview and Level Annotations

Branches:
Dungeon (8/15)             Temple (0/1) D:4
   Lair: D:8-11

Altars:
Elyvilon
Hepliaklqana
Kikubaaqudgha
Nemelex Xobeh
Ru
Sif Muna
Vehumet
Wu Jian
Yredelemnul

Shops:
D:6 ?

Annotations:
D:5 1 runed translucent door, Crazy Yiuf


Message History

The hound is heavily wounded.
The hound bites you but does no damage.
You closely miss the hound.
The hound is heavily wounded.
The hound bites you but does no damage.
You closely miss the hound.
The hound is heavily wounded.
The hound bites you but does no damage. x2
You slice the hound!!
You kill the hound!
Beogh accepts your kill.
Training target 2.0 for Dodging reached!
Your Dodging skill increases to level 2!
Things that are here:
a hound corpse; a hound corpse The electric eel shoots out a bolt of lightning at you!
The bolt of electricity hits you!
An electric eel comes into view.
The electric eel shoots out a bolt of lightning at you!
The bolt of electricity hits you!
The electric eel shoots out a bolt of lightning at you!
The bolt of electricity misses you.
You closely miss the electric eel.
An electric eel comes into view.
The electric eel shoots out a bolt of lightning at you!
The bolt of electricity hits you!
The electric eel shoots out a bolt of lightning at you!
The bolt of electricity hits you!
The electric eel shoots out a bolt of lightning at you!
The bolt of electricity misses you. The bolt of electricity hits you!
* * * LOW HITPOINT WARNING * * *
The electric eel shoots out a bolt of lightning at you!
The bolt of electricity hits you.
* * * LOW HITPOINT WARNING * * *
The electric eel shoots out a bolt of lightning at you!
The bolt of electricity hits you!
* * * LOW HITPOINT WARNING * * *
The electric eel shoots out a bolt of lightning at you!
The bolt of electricity hits you!
You die...

.≈≈≈≈≈≈≈≈≈≈...#
≈.≈≈S≈≈.≈.≈≈≈.#
..≈≈≈.≈≈.≈....#
.≈≈....≈.≈....#
≈....≈.S......#
..............#
####.##.#.#####
#......#
######@.#
#...†..># ###
#.####### #<#
#####'## #.#
#[.....# #.#
#......#
####.###
######......#
######......#
#........#.##
#.....[(....#
#.######.#.#
#.####......#


You could see 2 electric eels.

Vanquished Creatures
  Pikel (D:4)
  Grinder (D:4)
  Prince Ribbit (D:6)
  Sigmund (D:3)
  Eustachio (D:4)
  A sky beast (D:5)
  3 ice beasts
  A black bear (D:7)
  4 necrophages
  3 ogres
  A phantom (D:4)
  A lemure (D:4)
  A gnoll sergeant (D:7)
  A scorpion (D:4)
  2 bullfrogs
  A water moccasin zombie (D:5)
  A wyvern zombie (D:5)
  A wight (D:5)
  A human zombie (D:5)
  2 jellies (D:7)
  3 bullfrog zombies (D:5)
  5 centaur zombies
  6 hounds
  2 orc priests (D:7)
  A centaur skeleton (D:4)
  A scorpion zombie (D:5)
  Jessica (D:2)
  3 iguanas
  5 orc wizards
  Ijyb (D:3)
  A killer bee zombie (D:7)
  A hound skeleton (D:4)
  A mummy (D:5)
  3 gnolls (D:7)
  7 adders
  A white imp (D:5)
  An ufetubus (D:7)
  2 adder skeletons
  2 worms
  4 dart slugs
  16 orcs
  3 bat zombies (D:4)
  9 endoplasms
  3 giant cockroaches
  6 goblins
  6 hobgoblins
  2 jackals (D:1)
  A quokka (D:2)
  7 ball pythons
  3 bats
  7 kobolds
  4 rats
147 creatures vanquished.

Vanquished Creatures (others)
  An orc (D:7)
  2 withered plants (D:3)
3 creatures vanquished.

Grand Total: 150 creatures vanquished

Notes
Turn   | Place    | Note
-------+----------+-------------------------------------------
     0 | D:1      | safid the Hill Orc Fighter began the quest for the Orb.
     0 | D:1      | Reached XP level 1. HP: 19/19 MP: 1/1
   175 | D:1      | Reached XP level 2. HP: 19/27 MP: 2/2
   178 | D:1      | Reached skill level 3 in Axes
   285 | D:1      | Found a faded altar of an unknown god.
  1108 | D:2      | Reached XP level 3. HP: 30/33 MP: 3/3
  1309 | D:2      | Identified the +2 chain mail of Makhleb's Benevolence {rF+}
  1325 | D:2      | Noticed Jessica
  1331 | D:2      | Killed Jessica
  1332 | D:2      | Reached skill level 4 in Axes
  1332 | D:2      | Reached XP level 4. HP: 29/40 MP: 4/4
  1966 | D:3      | Reached skill level 5 in Axes
  2067 | D:3      | Noticed Ijyb
  2094 | D:3      | Killed Ijyb
  2095 | D:3      | Reached XP level 5. HP: 37/46 MP: 5/5
  2555 | D:3      | Noticed a necrophage
  2570 | D:3      | Killed a necrophage
  2571 | D:3      | Reached skill level 7 in Axes
  2571 | D:3      | Reached XP level 6. HP: 43/52 MP: 6/6
  2706 | D:3      | Noticed Sigmund
  2714 | D:3      | Killed Sigmund
  2715 | D:3      | Reached skill level 8 in Axes
  3098 | D:4      | Reached XP level 7. HP: 56/59 MP: 7/7
  3165 | D:4      | Reached skill level 9 in Axes
  3408 | D:4      | Found a staircase to the Ecumenical Temple.
  3501 | D:4      | Noticed Pikel
  3506 | D:4      | Reached skill level 10 in Axes
  3798 | D:4      | Reached XP level 8. HP: 55/66 MP: 8/8
  3871 | D:4      | Found a shimmering blue altar of Sif Muna.
  3915 | D:4      | Killed Pikel
  3916 | D:4      | Reached skill level 12 in Axes
  4152 | D:4      | Noticed Grinder
  4188 | D:4      | Killed Grinder
  4189 | D:4      | Reached skill level 13 in Axes
  4522 | D:4      | Found a hazy altar of Hepliaklqana.
  4559 | D:4      | Noticed Eustachio
  4579 | D:4      | Killed Eustachio
  4580 | D:4      | Reached skill level 14 in Axes
  4580 | D:4      | Reached XP level 9. HP: 68/71 MP: 9/9
  4600 | D:4      | Found an ancient bone altar of Kikubaaqudgha.
  4707 | D:5      | Entered Level 5 of the Dungeon
  4933 | D:5      | Found an ornate altar of the Wu Jian Council.
  5095 | D:5      | Reached skill level 15 in Axes
  5368 | D:5      | Found a runed translucent door.
  5369 | D:5      | Noticed Crazy Yiuf
  5523 | D:5      | Found a basalt altar of Yredelemnul.
  5705 | D:5      | Reached skill level 16 in Axes
  6297 | D:6      | Noticed Prince Ribbit
  6314 | D:6      | Killed Prince Ribbit
  6315 | D:6      | Reached skill level 1 in Evocations
  6366 | D:6      | Found a sacrificial altar of Ru.
  6775 | D:6      | Found a white marble altar of Elyvilon.
  6903 | D:6      | Reached skill level 1 in Dodging
  6903 | D:6      | Reached XP level 10. HP: 52/80 MP: 10/12
  7024 | D:6      | Found Haseimm's Magic Scroll Boutique.
  7029 | D:6      | Bought a scroll of teleportation for 42 gold pieces
  7029 | D:6      | Bought a scroll of fear for 49 gold pieces
  7029 | D:6      | Bought a scroll of identify for 28 gold pieces
  7029 | D:6      | Bought a scroll of holy word for 105 gold pieces
  7029 | D:6      | Bought a scroll of identify for 28 gold pieces
  7265 | D:6      | Reached skill level 5 in Fighting
  7589 | D:7      | Became a worshipper of Beogh the Brigand
  7617 | D:7      | Found a radiant altar of Vehumet.
  7744 | D:7      | Found a sparkling altar of Nemelex Xobeh.
  8809 | D:8      | Killed from afar by an electric eel

Illustrated notes

Levels and vault maps discovered:
D:1:      minmay_arrival_nine_rooms, layout_basic,
          shapermc_ecumenical_altar_venn
D:2:      layout_basic, uniq_jessica
D:3:      layout_basic, serial_undead, serial_undead_a, serial_undead_c,
          serial_undead_b, serial_undead_e, kennysheep_big_empty_room,
          uniq_sigmund, uniq_ijyb
D:4:      layout_basic, lemuel_blue_sif_altar,
          worldfamousw_hep_ancestral_shrine, lemuel_zombie_altar_kikubaaqudgha,
          minmay_temple_entry_poolview, uniq_grinder, uniq_pikel, uniq_eustachio
D:5:      layout_loops_ring, mainiacjoe_overflow_alcove_4,
          lemuel_mausoleum_altar_yredelemnul, minivault_27, chequers_garden,
          chequers_serial_rivers_small_b, hangedman_decor_slide_cut,
          uniq_crazy_yiuf_cottage
D:6:      layout_loops_ring, nicolae_ru_sacrificial_ziggurat,
          overflow_temple_1_default, serial_shops, shop, uniq_prince_ribbit1
D:7:      layout_basic, nicolae_vehumet_altar_sigil, lemuel_doored_altar
D:8:      gammafunk_indiana_jones, layout_basic, erik_lair_island, uniq_erica

Skill      XL: |  1  2  3  4  5  6  7  8  9 10 |
---------------+-------------------------------+-----
Axes           | 3 4 5 7 8 10 14 16 | 16.3
Fighting       | 4 5 |  5.5
Armour         | 4 |  4.0
Shields        | 4 |  4.0
Invocations    | 2 3 |  3.9
Evocations     | 2 |  2.9
Dodging        | 1 2 |  2.0

Action                   |  1- 3 |  4- 6 |  7- 9 | 10-12 || total
-------------------------+-------+-------+-------+-------++-------
Melee: War axe           |    63 |   107 |    68 |       ||   238
       Whip              |       |       |   240 |       ||   240
       Battleaxe         |       |       |    44 |    62 ||   106
Invok: Convert to Beogh  |       |       |       |     1 ||     1
  Use: Potion            |       |     1 |       |       ||     1
       Scroll            |       |       |     5 |     2 ||     7
Armor: Scale mail        |    38 |       |       |       ||    38
       Chain mail        |     1 |    73 |   150 |    40 ||   264
Dodge: Dodged            |    26 |    24 |    82 |    20 ||   152
Block: Buckler           |    16 |    20 |    36 |       ||    72
